 Dungeon Crawl Stone Soup version 0.24.0-123-gd5b16e6ec5 (webtiles) character file.

Game seed: 14493151906018427450, levelgen mode: deterministic

156 brucemayne the Chopper (level 5, 0/45 HPs)
             Began as a Hill Orc Monk on Jan 18, 2020.
             Was a Believer of the Shining One.
             Slain by a hound (2 damage)
             ... on level 4 of the Dungeon.
             The game lasted 00:07:13 (2207 turns).

brucemayne the Chopper (Hill Orc Monk)              Turns: 2207, Time: 00:07:13

Health: 0/45       AC:  8    Str: 20    XL:     5   Next: 37%
Magic:  5/5        EV:  8    Int: 10    God:    the Shining One [**....]
Gold:   68         SH:  0    Dex: 13    Spells: 4/4 levels left

rFire    . . .     SeeInvis +   a - +0 hand axe
rCold    . . .     Gourm    .   (no shield)
rNeg     + . .     Faith    .   p - +0 chain mail
rPois    .         Spirit   .   (no helmet)
rElec    .         Reflect  .   (no cloak)
rCorr    .         Harm     .   (no gloves)
MR       .....                  (no boots)
Stlth    ..........             (no amulet)
HPRegen  0.15/turn              i - ring of see invisible
MPRegen  0.09/turn              (no ring)

@: mighty, glowing
A: no striking features
a: Divine Shield, Renounce Religion


You were on level 4 of the Dungeon.
You worshipped the Shining One.
The Shining One was pleased with you.
You were not hungry.

You visited 1 branch of the dungeon, and saw 4 of its levels.

You collected 68 gold pieces.

Inventory:

Hand Weapons
 a - a +0 hand axe (weapon)
 q - a +0 dire flail
Missiles
 j - 12 poisoned darts (quivered)
Armour
 b - a +0 robe
 g - a +0 leather armour
 o - a +0 ring mail
 p - a +0 chain mail (worn)
Jewellery
 i - a ring of see invisible (left hand)
Scrolls
 d - a scroll of magic mapping {unknown}
 e - a scroll of teleportation
 f - a scroll of remove curse {unknown}
 h - a scroll of blinking {unknown}
 k - a scroll of noise
 l - a scroll of amnesia {unknown}
 m - a scroll of identify {unknown}
Comestibles
 c - 5 rations


   Skills:
 - Level 3.6 Fighting
 + Level 7.8 Axes
 - Level 2.4 Dodging
 - Level 1.5 Stealth


You had 4 spell levels left.
You didn't know any spells.
Your spell library was empty.

Dungeon Overview and Level Annotations

Branches:
Dungeon (4/15)
 Temple: D:4-7

Altars:
The Shining One

Annotations:
D:3 exclusion: downstairs, EtherCrawl's ghost, amateur GnWr
D:4 Pikel


Message History

Press: ? - help, Shift-Dir - straight line, f - hound
Aim: a hound (haloed)
You throw a poisoned dart. The poisoned dart hits the hound.
The hound is poisoned.
The hound bites you.
* * * LOW HITPOINT WARNING * * *
The quokka bites you.
* * * LOW HITPOINT WARNING * * *
Throwing (i - inventory)
j - 13 poisoned darts (quivered)
Press: ? - help, Shift-Dir - straight line, f/p - hound
Aim: a hound (poisoned, haloed)
You throw a poisoned dart.
The poisoned dart completely misses the hound.
The hound closely misses you. The quokka bites you.
* * * LOW HITPOINT WARNING * * *
The hound bites you but does no damage.
Unknown command.
It was a potion of might.
You feel very mighty all of a sudden. The hound bites you.
You die...

...##.##.##..........#
......#.....(........#
##...................#
#.....................
.....................#
#..!...............
##...###..........#
##rh...>..........#
#.@...............#
#...#####..........
##### ##.......%
#...... ###..


You could see a hound and a quokka.

Vanquished Creatures
  Blork the orc (D:4)
  3 adders (D:3)
  2 dart slugs
  A leopard gecko (D:1)
  2 orcs (D:3)
  6 bats
  A giant cockroach (D:3)
  6 goblins
  7 hobgoblins
  4 jackals (D:1)
  A quokka (D:3)
  2 frilled lizards
  7 kobolds
  10 rats
53 creatures vanquished.

Notes
Turn   | Place    | Note
-------+----------+-------------------------------------------
     0 | D:1      | brucemayne the Hill Orc Monk began the quest for the Orb.
     0 | D:1      | Reached XP level 1. HP: 19/19 MP: 1/1
   134 | D:1      | Reached XP level 2. HP: 26/26 MP: 2/2
   196 | D:1      | Reached skill level 5 in Axes
   223 | D:1      | HP: 1/26 [hobgoblin (3)]
   459 | D:1      | Reached XP level 3. HP: 14/31 MP: 3/3
   673 | D:2      | Found a glowing golden altar of the Shining One.
   687 | D:2      | Became a worshipper of the Shining One
   687 | D:2      | Reached * piety under the Shining One
   687 | D:2      | Reached ** piety under the Shining One
   958 | D:2      | Reached skill level 6 in Axes
  1358 | D:3      | Reached XP level 4. HP: 21/39 MP: 4/4
  1420 | D:3      | Noticed EtherCrawl's ghost (amateur GnWr)
  1957 | D:4      | Noticed an ogre
  2032 | D:4      | Noticed Blork the orc
  2055 | D:4      | Killed Blork the orc
  2055 | D:4      | Reached skill level 7 in Axes
  2055 | D:4      | Reached XP level 5. HP: 27/45 MP: 5/5
  2082 | D:4      | Noticed a slave
  2082 | D:4      | Noticed a slave
  2084 | D:4      | Noticed Pikel
  2086 | D:4      | Noticed a slave
  2090 | D:4      | Noticed a slave
  2206 | D:4      | HP: 2/45 [quokka (4)]
  2207 | D:4      | Slain by a hound

Levels and vault maps discovered:
D:1:      scummos_arrival_checkerplants, layout_loops_ring,
          minmay_shallow_snake_nest
D:2:      layout_loops_corners, minmay_misc_feat_tower, kennysheep_nub,
          tso_metal_star
D:3:      kennysheep_goblin_castle, layout_basic, gammafunk_ghost_icy, uniq_ijyb
D:4:      layout_rooms, first_ration, chequers_jeans, uniq_blork_the_orc,
          uniq_pikel

Skill      XL: |  1  2  3  4 |
---------------+-------------+-----
Axes           | 5 6 7 |  7.8
Fighting       | |  3.6
Dodging        | |  2.4
Stealth        | |  1.5

Action                   |  1- 3 |  4- 6 || total
-------------------------+-------+-------++-------
Melee: Hand axe          |   145 |    37 ||   182
Throw: Dart              |       |    10 ||    10
  Use: Potion            |     1 |     2 ||     3
       Scroll            |       |     2 ||     2
 Stab: Sleeping          |     1 |       ||     1
  Eat: Ration            |     1 |       ||     1
       Chunk             |     1 |       ||     1
Armor: Leather armour    |    30 |    10 ||    40
       Robe              |     6 |       ||     6
       Chain mail        |       |    30 ||    30
Dodge: Dodged            |   134 |    45 ||   179
